 Dungeon Crawl Stone Soup version 0.23-a0-586-gacb4b3f4ce (webtiles) character file.

105 Hercules1031 the Cudgeler (level 4, -6/66 HPs)
             Began as a Troll Fighter on Dec 19, 2018.
             Was an Initiate of Ashenzari.
             Killed by divine providence
             ... invoked by an orc priest
              (13 damage)
             ... on level 3 of the Dungeon.
             The game lasted 00:08:13 (1797 turns).

Hercules1031 the Cudgeler (Troll Fighter)           Turns: 1797, Time: 00:08:13

Health: -6/66      AC: 22    Str: 25    XL:     4   Next: 54%
Magic:  3/3        EV:  1    Int:  9    God:    Ashenzari [......]
Gold:   94         SH:  9    Dex:  9    Spells: 3/3 levels left

rFire    . . .     SeeInvis .   a - +0 flail
rCold    . . .     Gourm    +   c - +0 shield
rNeg     + + +     Faith    .   (armour currently unavailable)
rPois    +         Spirit   .   (helmet currently unavailable)
rElec    .         Reflect  .   (cloak currently unavailable)
rCorr    .         Harm     .   (gloves unavailable)
MR       .....     NoTele   +   (boots unavailable)
Stlth    +.........             (no amulet)
HPRegen  0.61/turn              (no ring)
MPRegen  0.08/turn              (no ring)

@: brilliant, tree-form
A: large, unfitting armour, fast metabolism 3, gourmand, regeneration 1, wild
magic 1
a: Curse Item, Renounce Religion


You were on level 3 of the Dungeon.
You worshipped Ashenzari.
Ashenzari was noncommittal.
You were not hungry.
You were a tree.
You visited 1 branch of the dungeon, and saw 3 of its levels.

You collected 94 gold pieces.

Inventory:

Hand Weapons
 a - a +0 flail (weapon)
Armour
 b - a +0 robe (melded)
 c - a +0 shield (worn)
Scrolls
 h - 2 scrolls of teleportation {unknown}
 i - 3 scrolls of remove curse
 j - 2 scrolls of identify {unknown}
 n - a scroll of enchant armour {unknown}
 p - a scroll of fear {unknown}
 q - a scroll of blinking {unknown}
Potions
 d - 3 potions of might
 m - a potion of resistance


   Skills:
 + Level 2.9 Fighting
 * Level 3.1 Maces & Flails
 + Level 3.0 Dodging
 + Level 2.9 Shields


You had 3 spell levels left.
You didn't know any spells.
Your spell library was empty.

Dungeon Overview and Level Annotations

Branches:
Dungeon (3/15)

Altars:
Ashenzari
Elyvilon
Fedhas
Ru


Innate Abilities, Weirdness & Mutations

You are too large for most types of armour.
((You have claws for hands.))
Your metabolism is lightning-fast.
You like to eat raw meat.
Your natural rate of healing is unusually fast.
((You are covered in fur. (AC +1)))
((You have very tough skin. (AC +2)))
((You have large cloven feet.))
((Your flesh is cold resistant. (rC+)))
Your spells are a little harder to cast, but a little more powerful.


Message History

The orc priest hits you but does no damage.
The orc hits you but does no damage. You block the giant cockroach's attack.
You hit the orc priest.
The orc priest is moderately wounded.
The orc priest hits you but does no damage.
The giant cockroach bites you but does no damage.
You block the orc's attack.
The orc priest hits you but does no damage.
You hit the orc priest.
The orc priest is moderately wounded.
The giant cockroach bites you.
* * * LOW HITPOINT WARNING * * *
The orc priest mumbles some strange prayers to Beogh against you.
Beogh smites you!
* * * LOW HITPOINT WARNING * * *
You block the orc's attack. You block the orc priest's attack.
The giant cockroach bites you but does no damage.
The orc priest calls down the wrath of Beogh upon you.
Beogh smites you!
You die...

..... ....
.##....###...
............#
............# .
#.......>..[#..
#..(........$..
......oo......[
......o♣..#
......s.......#
..........##...
.........## #
.....#...#
.......#.# ##.#
## .# .. .<


You could see 2 orc priests, an orc and a giant cockroach.

Vanquished Creatures
  7 dart slugs
  2 leopard geckos
  7 orcs
  5 giant cockroaches
  13 goblins
  13 hobgoblins
  2 jackals (D:2)
  A quokka (D:2)
  9 bats
  A frilled lizard (D:2)
  5 kobolds
  10 rats
75 creatures vanquished.

Notes
Turn   | Place    | Note
-------+----------+-------------------------------------------
     0 | D:1      | Hercules1031 the Troll Fighter began the quest for the Orb.
     0 | D:1      | Reached XP level 1. HP: 22/22 MP: 0/0
   175 | D:1      | Reached XP level 2. HP: 28/29 MP: 1/1
   361 | D:1      | Reached XP level 3. HP: 36/36 MP: 2/2
   968 | D:2      | Found a white marble altar of Elyvilon.
  1140 | D:2      | Reached XP level 4. HP: 44/44 MP: 3/3
  1154 | D:2      | Found a shattered altar of Ashenzari.
  1195 | D:2      | Found a sacrificial altar of Ru.
  1350 | D:2      | Became a worshipper of Ashenzari the Shackled
  1475 | D:2      | Found a blossoming altar of Fedhas.
  1783 | D:3      | Gained mutation: Your spells are a little harder to cast,
                  | but a little more powerful. [potion of mutation]
  1783 | D:3      | Gained mutation: Your flesh is cold resistant. (rC+)
                  | [potion of mutation]
  1783 | D:3      | Gained mutation: You have large cloven feet. [potion of
                  | mutation]
  1797 | D:3      | Killed from afar by an orc priest

Vault maps used:
D:1:      erik_arrival_triangle_huge, minmay_unequal
D:2:      nicolae_ru_awakened_eye, ashenzari_conservatory_becter,
          elyvilon_altar_3, fedhas_altar_3, first_ration,
          minmay_misc_feat_more_columns, st_stairs_7
D:3:      gup_sewer_entry_bowl

Skill      XL: |  1  2  3  4 |
---------------+-------------+-----
Maces & Flails | 2 3 |  3.1
Dodging        | 3 |  3.0
Fighting       | |  2.9
Shields        | |  2.9

Action                   |  1- 3 |  4- 6 || total
-------------------------+-------+-------++-------
Melee: Flail             |   160 |    89 ||   249
  Use: Potion            |     1 |     7 ||     8
  Eat: Ration            |     3 |     2 ||     5
Armor: Robe              |    80 |    41 ||   121
       Skin              |       |    36 ||    36
Dodge: Dodged            |    63 |    46 ||   109
Block: Shield            |   119 |    81 ||   200

Table legend:
 A = Non-vault XP
 B = Vault XP
 C = Vault XP percentage of total XP
 D = Non-vault monster count
 E = Vault monster count
 F = Vault count percentage of total count
                 A         B        C        D         E       F
            +---------+---------+-------+---------+---------+-------
      Total |     140 |      11 |   7.3 |      69 |       6 |   8.0
            +---------+---------+-------+---------+---------+-------
        D:1 |      62 |      10 |  13.9 |      31 |       5 |  13.9
        D:2 |      67 |       1 |   1.5 |      34 |       1 |   2.9
        D:3 |      11 |       0 |   0.0 |       4 |       0 |   0.0
            +---------+---------+-------+---------+---------+-------
